 Dungeon Crawl Stone Soup version 0.22.1-6-g1668fe2 (webtiles) character file.

135 Tiagovsky the Firebug (level 4, -2/37 HPs)
             Began as a Draconian Fire Elementalist on Jan 28, 2019.
             Slain by Pikel
             ... wielding a +1 whip of freezing
              (5 damage)
             ... on level 2 of the Dungeon on Jan 29, 2019.
             The game lasted 00:11:49 (4687 turns).

Tiagovsky the Firebug (Draconian Fire Elementalist) Turns: 4687, Time: 00:11:50

Health: -2/37      AC:  5    Str: 11    XL:     4   Next: 96%
Magic:  7/7        EV: 12    Int: 16    God:
Gold:   158        SH:  0    Dex: 11    Spells: 2/8 levels left

rFire    + . .     SeeInvis .   k - +0 whip
rCold    x . .     Gourm    .   (no shield)
rNeg     . . .     Faith    .   (armour unavailable)
rPois    .         Spirit   .   (helmet restricted)
rElec    .         Reflect  .   (no cloak)
rCorr    .         Harm     .   (no gloves)
MR       .....                  (no boots)
Stlth    ++........             (no amulet)
HPRegen  0.12/turn              e - ring of fire
MPRegen  0.10/turn              g - ring of flight

@: no status effects
A: unfitting armour, cold-blooded, AC +5
a: Evoke Flight


You were on level 2 of the Dungeon.
You were not hungry.

You visited 1 branch of the dungeon, and saw 4 of its levels.

You collected 158 gold pieces.

Inventory:

Hand Weapons
 c - a +0 dagger
 k - a +0 whip (weapon)
Missiles
 a - 62 stones (quivered)
 m - 39 sling bullets
Jewellery
 e - a ring of fire (left hand)
 g - a ring of flight (right hand)
Scrolls
 i - 2 scrolls of identify
Potions
 d - a potion of heal wounds {unknown}
 j - a potion of curing
 n - a potion of agility {unknown}
Comestibles
 b - 7 rations


   Skills:
 + Level 2.5 Fighting
 - Level 1.7 Dodging
 - Level 1.7 Stealth
 + Level 2.5 Spellcasting
 + Level 2.7 Conjurations
 + Level 3.9 Fire Magic


You had 2 spell levels left.
You knew the following spells:

 Your Spells              Type           Power        Failure   Level  Hunger
a - Flame Tongue          Conj/Fire      ###..        4%          1    #......
b - Throw Flame           Conj/Fire      ###...       8%          2    ##.....
c - Conjure Flame         Conj/Fire      ###.....     16%         3    ###....

Your spell library contained the following spells:

 Spells                   Type           Power        Failure   Level  Hunger
 Inner Flame              Hex/Fire       ##......     26%         3    ###....
 Sticky Flame             Conj/Fire      ###.....     45%         4    #####..
 Fireball                 Conj/Fire      ###.......   80%         5    ######.


Dungeon Overview and Level Annotations

Branches:
Dungeon (4/15)
 Temple: D:4-7

Altars:
Okawaru
Ru

Annotations:
D:2 Pikel


Innate Abilities, Weirdness & Mutations

Your plain brown scales are hard. (AC +5)
You cannot fit into any form of body armour.
You are cold-blooded and may be slowed by cold attacks.


Message History

Pikel hits you with a whip of freezing!
* * * LOW HITPOINT WARNING * * *
You feel yourself slow down. Pikel freezes you.
* * * LOW HITPOINT WARNING * * *
You climb upwards.
You feel yourself speed up.
There is a stone staircase leading down, spattered with blood here.
Pikel closely misses you.
You closely miss Pikel. You tail-slap Pikel.
Pikel is lightly wounded.
Pikel hits you but does no damage.
Pikel cracks his whip.
Pikel says, "Why not give up?
You'll get fed.
Maybe."
Pikel hits you with a whip of freezing!
* * * LOW HITPOINT WARNING * * *
You feel yourself slow down. Pikel freezes you.
* * * LOW HITPOINT WARNING * * *
You feel yourself speed up. Pikel hits you with a whip of freezing.
You die...

.).######......#######.#
#### #......# #.....#
######## #.##### #########
#.# ........####### #.#
........##....####.#
........##<........#
........##....#########
........#####.#.@[...<#
........##.....K..#####
..###...##.....##.##### ..#
#...##......#.#...#
..###...##......#.#.#.#####
#.............#.#.#.#.....#
#.###########.#.#.#.#####.#
#...........#.#.#.#.# #.#
###########.#.#.#.#.# #.#


You could see Pikel.

Vanquished Creatures
  2 slaves
  An orc wizard (D:2)
  3 adders (D:2)
  3 worms
  A dart slug (D:2)
  7 orcs
  4 giant cockroaches
  6 hobgoblins
  A quokka (D:2)
  3 ball pythons
  9 bats
  A frilled lizard (D:1)
  4 goblins
  10 kobolds
  9 rats
64 creatures vanquished.

Notes
Turn   | Place    | Note
-------+----------+-------------------------------------------
     0 | D:1      | Tiagovsky the Draconian Fire Elementalist began the quest
                  | for the Orb.
     0 | D:1      | Reached XP level 1. HP: 14/14 MP: 3/3
   622 | D:1      | Reached XP level 2. HP: 22/22 MP: 1/5
   632 | D:1      | Learned a level 2 spell: Throw Flame
   786 | D:1      | Reached skill level 1 in Fighting
  1609 | D:2      | Found a sacrificial altar of Ru.
  1741 | D:2      | Reached XP level 3. HP: 28/28 MP: 0/6
  2422 | D:2      | Found an iron altar of Okawaru.
  2486 | D:2      | Reached XP level 4. HP: 36/36 MP: 5/7
  3177 | D:3      | Learned a level 3 spell: Conjure Flame
  4102 | D:4      | Noticed a slave
  4102 | D:4      | Noticed a slave
  4102 | D:4      | Noticed a slave
  4104 | D:4      | Noticed Pikel
  4106 | D:4      | Noticed a slave
  4170 | D:2      | Killed a slave
  4405 | D:3      | Killed a slave
  4687 | D:2      | Slain by Pikel

Skill      XL: |  1  2  3 |
---------------+----------+-----
Fighting       | 1 2 |  2.5
Conjurations   | 2 |  2.7
Dodging        | |  1.7
Stealth        | |  1.7
Spellcasting   | |  2.5
Fire Magic     | |  3.9

Action                   |  1- 3 |  4- 6 || total
-------------------------+-------+-------++-------
Melee: Dagger            |     2 |       ||     2
       Whip              |     7 |    13 ||    20
       Tailslap          |       |     2 ||     2
Throw: Stone             |    27 |     7 ||    34
 Cast: Flame Tongue      |    60 |    46 ||   106
       Throw Flame       |     9 |    15 ||    24
  Use: Scroll            |       |     4 ||     4
       Potion            |       |     1 ||     1
  Eat: Chunk             |     6 |     5 ||    11
       Ration            |       |     1 ||     1
Armor: Skin              |     3 |     9 ||    12
Dodge: Dodged            |    19 |    40 ||    59
